 Dungeon Crawl Stone Soup version 0.25-a0-614-g73ad250 (webtiles) character file.

Game seed: 11875633307332603518, levelgen mode: deterministic

32 thergud the Firebug (level 3, 0/19 HPs)
             Began as a Tengu Fire Elementalist on Mar 17, 2020.
             Slain by a jackal (1 damage)
             ... on level 2 of the Dungeon.
             The game lasted 00:03:51 (1122 turns).

thergud the Firebug (Tengu Fire Elementalist)       Turns: 1122, Time: 00:03:53

Health: 0/19       AC:  2    Str:  8    XL:     3   Next: 27%
Magic:  3/7        EV: 13    Int: 16    God:
Gold:   91         SH:  0    Dex: 18    Spells: 5/6 levels left

rFire    . . .     SeeInvis .   f - +1 dagger (freeze)
rCold    . . .     Gourm    .   (no shield)
rNeg     . . .     Faith    .   a - +0 robe
rPois    .         Spirit   .   (helmet restricted)
rElec    .         Reflect  .   (no cloak)
rCorr    .         Harm     .   (no gloves)
MR       .....                  (boots unavailable)
Stlth    ++........             (no amulet)
HPRegen  0.06/turn              b - +4 ring of dexterity
MPRegen  0.10/turn              (no ring)

@: lethally poisoned (0 -> -6)
A: beak, talons 3
a: no special abilities


You were on level 2 of the Dungeon.
You were hungry.

You visited 1 branch of the dungeon, and saw 2 of its levels.

You collected 91 gold pieces.

Inventory:

Hand Weapons
 f - a +1 dagger of freezing (weapon)
Armour
 a - a +0 robe (worn)
Jewellery
 b - a +4 ring of dexterity (left hand)
Scrolls
 d - a scroll of remove curse {unknown}
 e - a scroll of amnesia {unknown}
 g - a scroll of identify {unknown}
 h - a scroll of immolation {unknown}
Comestibles
 c - 3 rations


   Skills:
 + Level 0.2 Short Blades
 + Level 2.6 Dodging
 + Level 2.1 Stealth
 + Level 0.4 Unarmed Combat
 + Level 2.3 Spellcasting
 + Level 1.7 Conjurations
 + Level 3.8 Fire Magic


You had 5 spell levels left.
You knew the following spells:

 Your Spells              Type           Power        Failure   Level  Hunger
a - Foxfire               Conj/Fire      ##..         6%          1    #......

Your spell library contained the following spells:

 Spells                   Type           Power        Failure   Level  Hunger
 Conjure Flame            Conj/Fire      ##......     19%         3    ###....
 Inner Flame              Hex/Fire       #.......     26%         3    ###....
 Sticky Flame             Conj/Fire      ##......     54%         4    #####..
 Fireball                 Conj/Fire      ##........   87%         5    ######.


Dungeon Overview and Level Annotations

Branches:
Dungeon (2/15)

Altars:


Innate Abilities, Weirdness & Mutations

You have a beak for a mouth.
You have claws for feet.


Message History

The adder bites you.
The frilled lizard bites you but does no damage.
Unknown command.
Casting: Foxfire (safe; 6% risk of failure)
Confirm with . or Enter, or press ? or * to list all spells.
Nothing appears to happen.
You feel sick. The jackal barely misses you. The jackal closely misses you.
The adder bites you.
* * * LOW HITPOINT WARNING * * *
The jackal closely misses you.
The jackal bites you but does no damage.
The frilled lizard bites you.
* * * LOW HITPOINT WARNING * * *
You are too injured to fight recklessly!
You hit the jackal but do no damage. You peck the jackal.
The jackal is moderately wounded.
* * * LOW HITPOINT WARNING * * *
You feel sick. The adder bites you.
* * * LOW HITPOINT WARNING * * *
The jackal barely misses you. The jackal bites you.
You die...

#..........#
#..........#
#..........#
#...<......#
#....<.....#
#..[.......#
#..........#
######..........#
#bS@h..###.######
#....lh#### #.#
#.....h# #.#
#......# #.#
#......# .#
#......# #......#
#......#


You could see an adder, 3 jackals, a bat and a frilled lizard.

Vanquished Creatures
  A worm (D:2)
  A dart slug (D:1)
  2 leopard geckos
  7 bats
  A giant cockroach (D:2)
  A goblin (D:1)
  6 hobgoblins (D:1)
  A jackal (D:2)
  2 frilled lizards (D:1)
  2 kobolds (D:1)
24 creatures vanquished.

Vanquished Creatures (others)
  22 foxfires
22 creatures vanquished.

Grand Total: 46 creatures vanquished

Notes
Turn   | Place    | Note
-------+----------+-------------------------------------------
     0 | D:1      | thergud the Tengu Fire Elementalist began the quest for the
                  | Orb.
     0 | D:1      | Reached XP level 1. HP: 10/10 MP: 4/4
   323 | D:1      | Reached XP level 2. HP: 15/15 MP: 3/6
  1015 | D:1      | Reached XP level 3. HP: 19/19 MP: 7/7
  1122 | D:2      | Slain by a jackal

Levels and vault maps discovered:
D:1:      erik_arrival_cave_to_civilisation [erik_arrival_cave_to_temple],
          layout_loops_ring, moated_statue
D:2:      layout_rooms, lemuel_round_altar

Action                   || total
-------------------------++-------
Melee: Unarmed           ||    13
       Kick              ||    11
       Peck              ||     5
       Dagger            ||    23
 Cast: Foxfire           ||    23
  Use: Scroll            ||     1
       Potion            ||     1
 Stab: Sleeping          ||     2
Armor: Robe              ||    22
Dodge: Dodged            ||    43

Table legend:
 A = Non-vault XP
 B = Vault XP
 C = Vault XP percentage of total XP
 D = Non-vault monster count
 E = Vault monster count
 F = Vault count percentage of total count
                 A         B        C        D         E       F
            +---------+---------+-------+---------+---------+-------
      Total |      43 |       4 |   8.5 |      22 |       2 |   8.3
            +---------+---------+-------+---------+---------+-------
        D:1 |      30 |       4 |  11.8 |      17 |       2 |  10.5
        D:2 |      13 |       0 |   0.0 |       5 |       0 |   0.0
            +---------+---------+-------+---------+---------+-------
